[Event "37th Zalakaros Festival 2018"]
[Site "Zalakaros"]
[Date "2018.06.01"]
[Round "8"]
[White "Saber, Yasser"]
[Black "Meszaros, Tamas"]
[Result "1/2-1/2"]
[ECO "E42"]
[WhiteElo "2266"]
[BlackElo "2407"]
[Annotator "NA"]
[PlyCount "53"]
[EventDate "2018.??.??"]
[EventType "swiss"]
[EventCountry "HUN"]
[SourceTitle "playchess.com"]
[Source "ChessBase"]
[SourceQuality "1"]
[TimeControl "40/5400+30:1800+30"]

1. d4 Nf6 2. c4 e6 3. Nc3 Bb4 4. e3 c5 5. Nge2 cxd4 6. exd4 {[%emt 0:00:04] LiveBook: 1298 Games} O-O 7. a3 Be7 8. Nf4 d6 9. Be2 e5 10. dxe5 dxe5 11. Nfd5 Nxd5 12. cxd5 Bd6 13. O-O Na6 $11 14. Ne4 Bf5 15. Bxa6 bxa6 16. Re1 Rb8 17. f3 Bxe4 18. Rxe4 f5 19. Re2 Bc5+ 20. Kh1 Bd4 21. f4 Qxd5 22. fxe5 f4 23. Rf2 Qxe5 24. Rf3 Kh8 25. Bd2 Rxb2 26. Rc1 Rb6 27. Bxf4 1/2-1/2

[Event "37th Zalakaros Festival 2018"]
[Site "Zalakaros"]
[Date "2018.06.01"]
[Round "8"]
[White "Kernazhitsky, Leonid"]
[Black "Medancic, Rikard"]
[Result "1/2-1/2"]
[ECO "C42"]
[WhiteElo "2250"]
[BlackElo "2164"]
[Annotator "NA"]
[PlyCount "20"]
[EventDate "2018.??.??"]
[EventType "swiss"]
[EventCountry "HUN"]
[SourceTitle "playchess.com"]
[Source "ChessBase"]
[SourceQuality "1"]
[TimeControl "40/5400+30:1800+30"]

1. e4 e5 2. Nf3 Nf6 3. Nxe5 d6 4. Nf3 Nxe4 5. Nc3 Nxc3 6. dxc3 Be7 7. Be3 Nc6 {[%emt 0:00:08] LiveBook: 622 Games} 8. Qd2 Ne5 $14 9. Be2 O-O 10. O-O-O Ng4 1/2-1/2

[Event "37th Zalakaros Festival 2018"]
[Site "Zalakaros"]
[Date "2018.06.01"]
[Round "8"]
[White "Hardicsay, Peter"]
[Black "Pasti, Aron"]
[Result "1-0"]
[ECO "A29"]
[WhiteElo "2211"]
[BlackElo "2064"]
[Annotator "NA"]
[PlyCount "73"]
[EventDate "2018.??.??"]
[EventType "swiss"]
[EventCountry "HUN"]
[SourceTitle "playchess.com"]
[Source "ChessBase"]
[SourceQuality "1"]
[TimeControl "40/5400+30:1800+30"]

1. c4 e5 2. Nc3 Nf6 3. Nf3 Nc6 4. g3 d5 5. cxd5 Nxd5 6. Bg2 Nb6 {[%emt 0:00:04] LiveBook: 3789 Games} 7. O-O Be7 8. a3 O-O 9. b4 Be6 10. d3 a5 11. b5 Nd4 12. Rb1 Nd5 $11 13. Na4 Nxf3+ 14. Bxf3 f5 15. Qc2 Rc8 16. Nc5 Bxc5 17. Qxc5 Qd6 18. Qc2 b6 19. Bb2 Rfe8 20. Rfc1 Bf7 21. Qa4 Ne7 22. Bg2 Bd5 23. e4 Be6 24. d4 exd4 25. Qxd4 Qxd4 26. Bxd4 fxe4 27. Bxe4 Bf5 28. Bc2 Bxc2 29. Rxc2 Nf5 30. Bb2 Nd6 31. Rd1 Nxb5 32. Rd7 g6 33. Rg7+ Kf8 34. Rxh7 c5 35. Rc4 Nd4 36. Bxd4 cxd4 37. Rxc8 1-0

[Event "37th Zalakaros Festival 2018"]
[Site "Zalakaros"]
[Date "2018.06.01"]
[Round "8"]
[White "Pribelszky, Bence"]
[Black "Fancsy, Imre"]
[Result "1-0"]
[ECO "B43"]
[WhiteElo "2187"]
[BlackElo "2388"]
[Annotator "NA"]
[PlyCount "55"]
[EventDate "2018.??.??"]
[EventType "swiss"]
[EventCountry "HUN"]
[SourceTitle "playchess.com"]
[Source "ChessBase"]
[SourceQuality "1"]
[TimeControl "40/5400+30:1800+30"]

1. e4 c5 2. Nf3 e6 3. d4 cxd4 4. Nxd4 a6 5. Nc3 Qc7 6. Bd3 Nc6 7. Nb3 Nf6 8. O-O b5 9. f4 d6 10. Qf3 Be7 11. Be3 O-O 12. a4 b4 {[%emt 0:07:30] LiveBook: 5 Games} 13. Nd1 $11 e5 14. f5 Bb7 15. Nf2 Na5 16. Nxa5 Qxa5 17. g4 d5 18. g5 dxe4 19. Nxe4 Nxe4 20. Bxe4 Bxe4 21. Qxe4 Rfe8 22. f6 Bc5 23. Rae1 Rac8 24. fxg7 Qxa4 25. Bxc5 Rxc5 26. Qb7 Kxg7 27. Rxf7+ Kg6 28. Rf6+ 1-0

[Event "37th Zalakaros Festival 2018"]
[Site "Zalakaros"]
[Date "2018.06.01"]
[Round "8"]
[White "Sonnberger, Thomas"]
[Black "Srinath, Rao S V"]
[Result "0-1"]
[ECO "A04"]
[WhiteElo "2186"]
[BlackElo "2363"]
[Annotator "NA"]
[PlyCount "68"]
[EventDate "2018.??.??"]
[EventType "swiss"]
[EventCountry "HUN"]
[SourceTitle "playchess.com"]
[Source "ChessBase"]
[SourceQuality "1"]
[TimeControl "40/5400+30:1800+30"]

1. Nf3 g6 2. g3 Bg7 3. d4 e6 4. e4 Ne7 5. Bg2 d5 6. Nc3 Nbc6 7. exd5 exd5 8. O-O Bg4 9. Ne2 Qd7 10. c3 f6 11. Nf4 g5 12. Nd3 b6 13. h3 Bf5 ({Doch nicht} 13... Bxh3 {[#]} 14. Nfe5 $1 $16 ) 14. b4 a6 15. a4 h5 16. h4 Ng6 17. Re1+ Kf7 $18 (17... Nce7 $142 18. hxg5 Bg4) 18. hxg5 Bg4 19. Bf4 h4 20. b5 axb5 21. axb5 Rxa1 22. Qxa1 Nce7 23. gxf6 Bxf6 24. Nfe5+ Bxe5 25. Nxe5+ Nxe5 26. Bxe5 Rg8 27. Qa7 h3 28. Bh1 Qf5 29. Bf4 Rc8 30. Qa2 h2+ 31. Kxh2 Rh8+ 32. Kg1 Rxh1+ 33. Kxh1 Bf3+ 34. Kg1 Qh3 0-1

[Event "37th Zalakaros Festival 2018"]
[Site "Zalakaros"]
[Date "2018.06.01"]
[Round "8"]
[White "Piroska, Istvan"]
[Black "Doric, Nenad"]
[Result "0-1"]
[ECO "B84"]
[WhiteElo "2159"]
[BlackElo "2250"]
[Annotator "NA"]
[PlyCount "70"]
[EventDate "2018.??.??"]
[EventType "swiss"]
[EventCountry "HUN"]
[SourceTitle "playchess.com"]
[Source "ChessBase"]
[SourceQuality "1"]
[TimeControl "40/5400+30:1800+30"]

1. e4 c5 2. Nf3 d6 3. d4 cxd4 4. Nxd4 Nf6 5. Nc3 a6 6. Be2 e6 {[%emt 0:01:23] LiveBook: 4720 Games} 7. O-O Be7 8. f4 Qc7 9. Bf3 O-O 10. Be3 Nc6 11. Nxc6 bxc6 12. Na4 Rb8 13. c4 c5 14. Qc2 Nd7 15. b3 Bb7 16. Rad1 Rbd8 17. Nc3 Bf6 18. Rd3 Nb8 19. Qf2 Nc6 20. Ne2 Be7 21. Kh1 $11 Qb8 22. Ng3 Qa8 23. Rfd1 a5 24. e5 dxe5 25. Bxc5 exf4 26. Ne2 Rxd3 27. Rxd3 Ne5 28. Bxb7 Bxc5 29. Qxc5 Nxd3 30. Qb6 Qb8 31. h3 Qe5 32. Nd4 Qe1+ 33. Kh2 Qg3+ 34. Kg1 Qe3+ 35. Kh2 e5 0-1

[Event "37th Zalakaros Festival 2018"]
[Site "Zalakaros"]
[Date "2018.06.01"]
[Round "8"]
[White "Horak, Jiri"]
[Black "Peczely, Sebastian Zsombor"]
[Result "1/2-1/2"]
[ECO "D10"]
[WhiteElo "2131"]
[BlackElo "2244"]
[Annotator "NA"]
[PlyCount "159"]
[EventDate "2018.??.??"]
[EventType "swiss"]
[EventCountry "HUN"]
[SourceTitle "playchess.com"]
[Source "ChessBase"]
[SourceQuality "1"]
[TimeControl "40/5400+30:1800+30"]

1. d4 d5 2. c4 c6 3. Nc3 Nf6 4. e3 g6 5. Nf3 Bg7 6. Bd3 dxc4 {[%emt 0:00:22] D94: Grünfeld: 4 Nf3 Bg7 5 e3} (6... O-O 7. O-O Nbd7 8. cxd5 Nxd5 9. Nxd5 cxd5 10. Qb3 Nf6 11. Bd2 Ne4 12. Bb4 a5 13. Ba3 b6 14. Rac1 Bb7 15. Rc2 Nd6 16. Rfc1 Nc4 17. Bxc4 dxc4 18. Qxc4 {1-0 (51) Dreev,A (2653)-Jobava,B (2690) chess.com INT 2018}) 7. Bxc4 b5 8. Bb3 a5 9. Ne5 O-O 10. Qf3 $146 ({Predecessor:} 10. a4 b4 11. Ne2 Bb7 12. O-O Nbd7 13. Nxd7 Qxd7 14. Bd2 c5 {0-1 (31) Rua,N (2094)-Palao,M (2138) Cali 2003}) 10... a4 11. Bc2 Qb6 12. O-O Bb7 13. Bd2 Nfd7 14. Nxd7 Nxd7 15. Rfd1 e5 16. d5 Nc5 17. dxc6 Bxc6 18. Nd5 Bxd5 19. Qxd5 Rfd8 20. Qf3 b4 21. Be4 Ra7 22. Be1 Rad7 23. Rxd7 Rxd7 24. g4 Ne6 25. Rc1 Ng5 26. Qg2 Rc7 27. Rd1 Rc4 28. Bd3 Rc8 29. h4 Ne6 30. Qe4 Rb8 31. Bc4 Nc5 32. Qf3 Qc7 33. Bd5 e4 34. Qe2 Nd3 35. b3 axb3 36. axb3 Qe7 37. f4 Nxe1 38. Rxe1 Bc3 39. Rd1 Qxh4 40. Bxe4 Re8 41. Bf3 Qg3+ 42. Kf1 Kg7 43. Qf2 Qh3+ 44. Ke2 Qh6 45. g5 Qh3 46. Bd5 Re7 47. Rh1 Qf5 48. Bg2 Bd4 49. Rh3 Qb5+ 50. Kf3 Rxe3+ 51. Qxe3 Bxe3 52. Kxe3 Qc5+ 53. Kf3 Qd5+ 54. Kf2 Qd2+ 55. Kg3 Qe3+ 56. Kg4 Qe6+ 57. Kh4 f6 58. Rg3 (58. Rf3 $19) 58... Qe1 (58... Qe2 $142 59. gxf6+ Kxf6 60. Bf3 Qh2+ 61. Rh3 Qxf4+ 62. Bg4 Qg5+ 63. Kg3 h5 64. Kg2 Qxg4+ 65. Rg3 Qe2+ 66. Kh3 g5 67. Rg2 Qf3+ 68. Kh2 Qxb3 69. Re2 Qc4 70. Rf2+ Qf4+ 71. Kh1 h4 72. Rg2 b3 73. Kg1 Qc1+ 74. Kh2 b2 75. Rf2+ Kg6 76. Rf1 b1=Q 77. Rxc1 Qxc1 78. Kg2 Qf4 79. Kh1 Qf1+ 80. Kh2 h3 81. Kg3 Qg2#) 59. Kh3 Qc1 60. gxf6+ Kxf6 61. Rf3 h5 62. Bf1 Qd1 63. Bg2 Qe2 64. Kg3 {[%emt 0:00:31] [#]} h4+ $1 65. Kh3 Kf5 66. Bh1 Qd1 67. Bg2 $1 Qe1 68. Bf1 Qd1 69. Bg2 Qc2 70. Bh1 {[%emt 0:00:44] [#]} Qc3 $1 71. Bg2 Qd2 72. Bf1 Qe1 73. Bd3+ Kf6 74. Bf1 Qd1 75. Bg2 Kf5 76. Kxh4 Qe1+ 77. Kh3 Qg1 78. Rf1 Qe3+ 79. Rf3 $17 Qe2 80. Kg3 {[%emt 0:00:16] Ke5} 1/2-1/2

[Event "37th Zalakaros Festival 2018"]
[Site "Zalakaros"]
[Date "2018.06.02"]
[Round "9"]
[White "Meszaros, Tamas"]
[Black "Hardicsay, Peter"]
[Result "1-0"]
[ECO "B40"]
[WhiteElo "2407"]
[BlackElo "2211"]
[Annotator "ChessBase"]
[PlyCount "35"]
[EventDate "2018.??.??"]
[EventType "swiss"]
[EventCountry "HUN"]
[SourceTitle "playchess.com"]
[Source "ChessBase"]
[SourceQuality "1"]
[TimeControl "40/5400+30:1800+30"]

1. e4 c5 2. Nf3 e6 3. d4 cxd4 4. Nxd4 Nf6 5. Nc3 Nc6 6. Nxc6 bxc6 7. e5 Nd5 8. Ne4 Bb7 9. c4 Qa5+ 10. Bd2 Nb4 11. c5 Bxc5 12. a3 Be7 13. axb4 Qxe5 14. Bd3 Qd4 15. Bc3 Bxb4 16. O-O Bxc3 17. bxc3 Qe5 18. Qb3 1-0

[Event "37th Zalakaros Festival 2018"]
[Site "Zalakaros"]
[Date "2018.06.02"]
[Round "9"]
[White "Szeberenyi, Adam"]
[Black "Kincs, Imre"]
[Result "0-1"]
[ECO "D45"]
[WhiteElo "2372"]
[BlackElo "2210"]
[Annotator "NA"]
[PlyCount "64"]
[EventDate "2018.??.??"]
[EventType "swiss"]
[EventCountry "HUN"]
[SourceTitle "playchess.com"]
[Source "ChessBase"]
[SourceQuality "1"]
[TimeControl "40/5400+30:1800+30"]

1. d4 Nf6 2. Nf3 d5 3. c4 e6 4. Nc3 c6 5. e3 Nbd7 6. Qc2 Bd6 7. e4 dxe4 8. Nxe4 Nxe4 9. Qxe4 Nf6 10. Qh4 c5 {[%emt 0:00:37] D45: Semi-Slav: 5 e3} 11. Bd2 cxd4 12. Nxd4 Be5 $146 ({Predecessor:} 12... Bd7 13. Bc3 Qc7 14. Bd3 h6 15. O-O e5 16. Nf5 Bxf5 17. Bxf5 O-O 18. Rac1 Rfe8 19. Rfe1 a5 20. a3 Kh8 21. b4 axb4 22. axb4 b6 23. Kh1 {½-½ (23) Sadler,M (2515)-Ribli,Z (2610) Altensteig 1992}) 13. Nb5 Bxb2 14. Rd1 O-O 15. Bb4 Bd7 16. Rb1 Bxb5 17. Rxb2 Ba4 18. Be2 Re8 19. O-O Rc8 20. Rd2 Qc7 21. Bd6 Qa5 22. Rd3 Bc2 23. Ra3 Qd2 24. Rg3 Qxd6 25. Bf3 Bg6 26. Qg5 Rc5 27. Qe3 b6 28. h4 Rec8 29. Rd1 Qc7 30. Be2 Re5 31. Qf4 h6 32. Re3 Rd5 $19 0-1

[Event "37th Zalakaros Festival 2018"]
[Site "Zalakaros"]
[Date "2018.06.02"]
[Round "9"]
[White "Srinath, Rao S.V."]
[Black "Pribelszky, Bence"]
[Result "1-0"]
[ECO "A46"]
[WhiteElo "2363"]
[BlackElo "2187"]
[Annotator "NA"]
[PlyCount "91"]
[EventDate "2018.??.??"]
[EventType "swiss"]
[EventCountry "HUN"]
[SourceTitle "playchess.com"]
[Source "ChessBase"]
[SourceQuality "1"]
[TimeControl "40/5400+30:1800+30"]

1. d4 Nf6 2. Nf3 e6 3. Bf4 c5 4. e3 d5 5. c3 Nc6 6. Nbd2 Bd6 7. Bg3 O-O 8. Bd3 b6 9. Ne5 Bb7 10. f4 {D02: 1 d4 d5 2 Nf3 sidelines, including 2...Nf6 3 g3 and 2...Nf6 3 Bf4} Ne7 11. Qc2 Ng6 $146 ({Predecessor:} 11... c4 12. Be2 Nf5 13. Bf2 Be7 14. Ng4 Nxg4 15. Bxg4 Nd6 16. f5 exf5 17. Bxf5 Nxf5 18. Qxf5 {½-½ (35) Andreikin,D (2720)-Karjakin,S (2762) Baku 2015}) 12. O-O a5 13. a4 Ba6 14. Bxa6 Rxa6 15. Nxg6 hxg6 16. Bh4 Qc7 17. Bxf6 gxf6 18. Qd3 Raa8 19. g3 Rad8 20. h4 f5 21. Nf3 c4 22. Qe2 f6 23. h5 gxh5 24. Kf2 Kg7 25. Rh1 Rh8 26. Rh3 Rh6 27. Rah1 Rdh8 28. Nd2 Kg6 29. Kg2 Qc6 30. Qd1 b5 31. axb5 Qxb5 32. Qc2 Rb8 33. g4 Qxb2 34. gxf5+ Kg7 35. Rg3+ (35. Qd1 $142 exf5 36. Kf3) 35... Kh7 36. Qd1 h4 37. Qg4 Qxd2+ 38. Kf3 Qd1+ 39. Rxd1 hxg3 40. fxe6 Rg8 41. Qf5+ Kh8 42. Qxd5 $18 g2 43. Rg1 Rh3+ 44. Kf2 Rgg3 45. Rxg2 Rxe3 46. Qa8+ 1-0

[Event "37th Zalakaros Festival 2018"]
[Site "Zalakaros"]
[Date "2018.06.02"]
[Round "9"]
[White "Ianov, Viktor"]
[Black "Csonka, Attila Istvan"]
[Result "1/2-1/2"]
[ECO "A04"]
[WhiteElo "2285"]
[BlackElo "2372"]
[Annotator "NA"]
[PlyCount "69"]
[EventDate "2018.??.??"]
[EventType "swiss"]
[EventCountry "HUN"]
[SourceTitle "playchess.com"]
[Source "ChessBase"]
[SourceQuality "1"]
[TimeControl "40/5400+30:1800+30"]

1. Nf3 Nc6 2. d4 d5 3. g3 Bg4 4. Bg2 Bxf3 {[%emt 0:01:13] D02: Damenbauernspiele} (4... Qd7 5. O-O O-O-O 6. c4 dxc4 7. Be3 e5 8. d5 Nge7 9. Nc3 Nxd5 10. Nxd5 Qxd5 11. Qc2 Bxf3 12. Bxf3 Qe6 13. Rfc1 a6 14. Bxc6 Qxc6 {0-1 (24) Bok,B (2600)-Van Foreest,J (2606) Amsterdam 2017}) 5. Bxf3 Nf6 6. c3 e5 7. Qb3 Rb8 $146 ({Vorgänger:} 7... e4 8. Bg2 Rb8 9. Bg5 Be7 10. O-O h6 11. Bxf6 Bxf6 12. Nd2 O-O {1-0 (49) Peinado,E (2144)-Escobar Medina,A (2067) Medellin 2014}) 8. dxe5 Nxe5 9. Bg2 c6 10. Be3 Qa5 11. O-O Bd6 12. Nd2 O-O 13. c4 d4 14. Bg5 Nfd7 15. Ne4 Nc5 16. Qc2 Nxe4 17. Bxe4 Ng6 18. h4 f5 19. Bd3 Qe5 20. f4 Qe3+ 21. Kg2 Qe6 22. Rf3 c5 23. e4 dxe3 24. Re1 h6 25. Rfxe3 Qd7 26. Re6 hxg5 27. Bxf5 Nxf4+ 28. gxf4 Bxf4 29. hxg5 Qd2+ 30. R1e2 Qxc2 31. Bxc2 Bxg5 32. Bg6 Rf6 33. Re8+ Rxe8 34. Rxe8+ Rf8 35. Rxf8+ $11 1/2-1/2

[Event "37th Zalakaros Festival 2018"]
[Site "Zalakaros"]
[Date "2018.06.02"]
[Round "9"]
[White "Marosi, Levente"]
[Black "Li, Bo"]
[Result "1/2-1/2"]
[ECO "B32"]
[WhiteElo "2277"]
[BlackElo "2319"]
[Annotator "NA RC"]
[PlyCount "81"]
[EventDate "2018.??.??"]
[EventType "swiss"]
[EventCountry "HUN"]
[SourceTitle "playchess.com"]
[Source "ChessBase"]
[SourceQuality "1"]
[TimeControl "40/5400+30:1800+30"]

1. e4 c5 2. Nf3 Nc6 3. d4 cxd4 4. Nxd4 Qb6 5. Nb3 Nf6 6. Nc3 d6 7. Be3 Qd8 8. Qd2 g6 9. f3 Bg7 10. O-O-O Be6 11. Nd4 Nxd4 12. Bxd4 O-O 13. Kb1 a6 14. h4 b5 15. h5 Qc7 16. g4 {[%emt 0:10:21] B76: Sicilian Dragon: Yugoslav Attack, 9 g4 and 9 0-0-0} Rfc8 17. hxg6 hxg6 18. Nd5 (18. Ne2 d5 19. e5 Nd7 20. Nf4 Nxe5 21. Qh2 Kf8 22. Re1 Ke8 23. Nxe6 fxe6 24. Bxe5 Bxe5 25. Rxe5 Kd7 26. Qe2 {1-0 (26) Sandipan,C (2579)-Belezky,A (2466) Germany 2008}) 18... Bxd5 19. exd5 Qb7 $146 ({Predecessor:} 19... b4 20. g5 Nh5 21. Bxg7 Nxg7 22. Bh3 Rd8 {1-0 (62) Muller,A (2175)-Wohlers Armas,F (2178) Val d'Isere 2004}) 20. g5 Nh5 21. Rxh5 gxh5 22. Bxg7 Kxg7 23. Qd4+ Kg8 24. Bd3 Rc4 (24... e5 $142 25. dxe6 fxe6) 25. Bxc4 bxc4 26. Rh1 c3 27. b3 Qb5 28. a4 Qc5 29. Qd3 Kg7 30. Rxh5 Rh8 31. Rxh8 Kxh8 32. Ka2 (32. Qxa6 $142 Qxd5 33. Qc8+ Kh7 34. Qxc3 Qxg5 35. a5) 32... a5 33. g6 Kg7 34. gxf7 Kxf7 35. Qf5+ Ke8 36. Qg6+ Kd8 (36... Kf8 37. Qf5+ Kg7 38. Qe4) 37. Qg8+ Kd7 $1 38. Qe6+ $2 Kd8 39. Qg8+ (39. Qe4 $18) 39... Kd7 40. Qe6+ Kd8 41. Qg8+ $11 1/2-1/2

[Event "37th Zalakaros Festival 2018"]
[Site "Zalakaros"]
[Date "2018.06.02"]
[Round "9"]
[White "Doric, Nenad"]
[Black "Tompa, Janos"]
[Result "1/2-1/2"]
[ECO "E45"]
[WhiteElo "2250"]
[BlackElo "2372"]
[Annotator "NA"]
[PlyCount "27"]
[EventDate "2018.??.??"]
[EventType "swiss"]
[EventCountry "HUN"]
[SourceTitle "playchess.com"]
[Source "ChessBase"]
[SourceQuality "1"]
[TimeControl "40/5400+30:1800+30"]

1. d4 Nf6 2. c4 e6 3. Nc3 Bb4 4. e3 b6 5. Nge2 Ba6 6. Qa4 c5 7. a3 Bxc3+ 8. Nxc3 O-O 9. dxc5 bxc5 10. Be2 Bb7 11. O-O a6 12. Rd1 Qc7 13. b4 Nc6 14. Rb1 1/2-1/2

[Event "37th Zalakaros Festival 2018"]
[Site "Zalakaros"]
[Date "2018.06.02"]
[Round "9"]
[White "Peczely, Sebastian Zsombor"]
[Black "Medancic, Rikard"]
[Result "0-1"]
[ECO "B06"]
[WhiteElo "2244"]
[BlackElo "2164"]
[Annotator "NA"]
[PlyCount "96"]
[EventDate "2018.??.??"]
[EventType "swiss"]
[EventCountry "HUN"]
[SourceTitle "playchess.com"]
[Source "ChessBase"]
[SourceQuality "1"]
[TimeControl "40/5400+30:1800+30"]

1. e4 g6 2. d4 Bg7 3. Nc3 d6 4. Be3 a6 5. f3 Nd7 6. Qd2 e6 {[%emt 0:00:12] B06: Modern Defence} 7. O-O-O b5 8. Kb1 Bb7 9. g4 h6 10. h4 Ne7 11. Nh3 (11. Qh2 b4 12. Nce2 Nb6 13. Ng3 {1-0 (29) Areshchenko,A (2675)-Graf,A (2564) Bad Wiessee 2016}) 11... c5 $146 ({Predecessor:} 11... d5 12. Bd3 c5 13. dxc5 d4 14. Bxd4 Bxd4 15. Bxb5 {½-½ (31) Ipek,E (1697)-Karatas,K (1879) Konya 2017}) 12. g5 h5 13. Nf2 Qc7 14. Bh3 Nb6 15. b3 b4 16. Ne2 a5 17. Nf4 cxd4 18. Bxd4 e5 19. Bxb6 Qxb6 20. Nd5 Nxd5 21. exd5 a4 22. Rhe1 Ra5 23. f4 O-O 24. f5 Rfa8 25. Ne4 axb3 26. cxb3 Rxa2 27. Qxa2 Rxa2 28. Kxa2 Qa5+ 29. Kb1 Bxd5 30. Rc1 Qa3 31. Rc8+ Kh7 32. fxg6+ fxg6 33. Bg2 Qxb3+ 34. Kc1 Qa3+ 35. Kd1 Qa1+ 36. Kd2 Qd4+ 37. Kc1 Qa1+ 38. Kd2 Qb2+ 39. Rc2 Qd4+ 40. Kc1 b3 41. Rce2 Bxe4 42. Bxe4 d5 43. Bb1 e4 44. Rd2 Qc4+ 45. Kd1 Bc3 46. Bd3 Qd4 47. Rf1 Bxd2 48. Rf6 Bxg5 0-1

[Event "37th Zalakaros Festival 2018"]
[Site "Zalakaros"]
[Date "2018.06.02"]
[Round "9"]
[White "Kareva, Natalia"]
[Black "Borsos, Bogdan"]
[Result "1-0"]
[ECO "D01"]
[WhiteElo "2206"]
[BlackElo "2277"]
[Annotator "NA"]
[PlyCount "89"]
[EventDate "2018.??.??"]
[EventType "swiss"]
[EventCountry "HUN"]
[SourceTitle "playchess.com"]
[Source "ChessBase"]
[SourceQuality "1"]
[TimeControl "40/5400+30:1800+30"]

1. d4 d5 2. Nc3 Nf6 3. Bg5 Nbd7 4. Qd2 c6 {[%emt 0:00:44] D01: Veresov Opening} 5. Nf3 (5. f3 h6 6. Bh4 e5 7. dxe5 Nxe5 8. e4 Nxe4 9. fxe4 Qxh4+ 10. g3 Qe7 11. O-O-O Bg4 12. Re1 d4 13. Qxd4 Qc5 14. Qxc5 Bxc5 {0-1 (53) Pogromsky,M (2416)-Triapishko,O (2508) Sochi 2017}) 5... b5 6. a3 a5 $146 ({Predecessor:} 6... Nb6 7. b3 Ne4 8. Qd3 Nxg5 9. Nxg5 e5 10. h4 h6 11. Nf3 e4 {0-1 (36) Batricevic,J (2163)-Nikac,P (2342) Cetinje 2010}) 7. e3 Bb7 8. Bd3 b4 9. Na4 e6 10. c4 Be7 11. Bxf6 gxf6 12. c5 bxa3 13. bxa3 Ba6 14. Bxa6 Rxa6 15. O-O f5 16. Rfb1 Qc7 17. Rb3 O-O 18. Rab1 Rb8 19. Rxb8+ Nxb8 20. Ne5 f6 21. Qb2 fxe5 22. Qxb8+ Qxb8 23. Rxb8+ Kf7 24. dxe5 Ra7 25. Rb3 Rd7 26. Kf1 f4 27. exf4 d4 28. Ke2 Rd5 29. Kd3 Bxc5 30. Nxc5 Rxc5 31. Kxd4 Rc2 32. Ke3 a4 33. Rb7+ Ke8 34. Rxh7 c5 35. Ra7 Rc3+ 36. Ke4 Rxa3 37. h4 Ra1 38. h5 Kf8 39. h6 Kg8 40. f5 a3 41. fxe6 a2 42. Kf5 Rh1 43. Rxa2 Rxh6 44. Ra8+ Kg7 45. e7 1-0

[Event "37th Zalakaros Festival 2018"]
[Site "Zalakaros"]
[Date "2018.06.02"]
[Round "9"]
[White "Ugroczky, Peter"]
[Black "Krykun, Yuriy"]
[Result "0-1"]
[ECO "C54"]
[WhiteElo "2197"]
[BlackElo "2338"]
[Annotator "NA RC"]
[PlyCount "131"]
[EventDate "2018.??.??"]
[EventType "swiss"]
[EventCountry "HUN"]
[SourceTitle "playchess.com"]
[Source "ChessBase"]
[SourceQuality "1"]
[TimeControl "40/5400+30:1800+30"]

1. e4 e5 2. Nf3 Nc6 3. Bc4 Bc5 4. c3 Nf6 5. d4 exd4 6. O-O Nxe4 7. cxd4 d5 8. dxc5 dxc4 9. Qe2 Qd3 10. Re1 f5 11. Nbd2 O-O 12. Nxe4 {[%emt 0:01:22] C56: Two Knights: 4 d4 exd4 5 0-0 Nxe4} fxe4 13. Qxe4 Bf5 14. Qh4 (14. Qxd3 cxd3 15. Bd2 Rae8 16. Bc3 Bg4 17. Nd2 Be2 18. f3 Ne7 19. Ne4 Nf5 {0-1 (65) Ozgibcev,A (2376)-Shirov,A (2630) Sochi 2017}) 14... Rae8 15. Bf4 c3 16. bxc3 Rxe1+ 17. Rxe1 Qxc3 18. Bxc7 Qxc5 19. Qg3 Qd5 20. Bd6 $146 ({Predecessor:} 20. a3 Qd3 21. h4 {½-½ (21) Tomczak,J (2449)-Prohaszka,P (2506) Szeged 2008}) 20... Rd8 21. Bc7 Rc8 22. a3 Be4 23. Qg4 Rxc7 24. Qxe4 Qxe4 25. Rxe4 Rd7 26. g3 h6 27. Kg2 Rd5 28. Ne1 Rc5 29. Re3 b5 30. Kf3 a5 31. Ke2 b4 32. axb4 Nxb4 33. Re7 Rc3 34. Ra7 Ra3 35. Nf3 a4 36. Nd4 Ra1 37. Nb5 Nd5 38. Kd3 Nf6 39. Nc3 a3 40. h4 Ng4 41. Ke2 Ne5 42. Kd2 Nc4+ 43. Kd3 Nd6 44. Ra6 Nf7 45. f4 h5 46. Kc2 Nh6 47. Ne4 Nf5 48. Kb3 Re1 49. Ng5 Kf8 50. Rxa3 $19 (50. Kc4 $11 {and White has nothing to worry.}) 50... Re3+ 51. Kb4 Rxa3 52. Kxa3 Nxg3 53. Kb4 Ke7 54. Kc5 Kf6 55. Kd4 Kf5 56. Ke3 Kg4 57. Ne6 g6 58. Nf8 Nf5+ 59. Ke4 Nxh4 60. Ke5 Nf3+ 61. Ke4 h4 62. Ke3 Kg3 63. Nxg6 h3 64. f5 h2 65. f6 Ng5 66. Kd4 0-1

[Event "37th Zalakaros Festival 2018"]
[Site "Zalakaros"]
[Date "2018.06.02"]
[Round "9"]
[White "Bozinovic, Bogdan"]
[Black "Polajzer, Danilo"]
[Result "1/2-1/2"]
[ECO "D16"]
[WhiteElo "2176"]
[BlackElo "2273"]
[Annotator "NA"]
[PlyCount "26"]
[EventDate "2018.??.??"]
[EventType "swiss"]
[EventCountry "HUN"]
[SourceTitle "playchess.com"]
[Source "ChessBase"]
[SourceQuality "1"]
[TimeControl "40/5400+30:1800+30"]

1. d4 d5 2. c4 c6 3. Nf3 Nf6 4. Nc3 dxc4 5. a4 e6 6. e3 c5 7. Bxc4 cxd4 8. exd4 Be7 9. O-O O-O 10. d5 exd5 11. Nxd5 Nxd5 12. Bxd5 Nd7 13. Be3 Nf6 1/2-1/2

[Event "37th Zalakaros Festival 2018"]
[Site "Zalakaros"]
[Date "2018.06.02"]
[Round "9"]
[White "Bereczki, Janos"]
[Black "Kernazhitsky, Leonid"]
[Result "1/2-1/2"]
[ECO "D20"]
[WhiteElo "2099"]
[BlackElo "2250"]
[Annotator "ChessBase"]
[PlyCount "77"]
[EventDate "2018.??.??"]
[EventType "swiss"]
[EventCountry "HUN"]
[SourceTitle "playchess.com"]
[Source "ChessBase"]
[SourceQuality "1"]
[TimeControl "40/5400+30:1800+30"]

1. d4 d5 2. c4 dxc4 3. e3 a6 4. Bxc4 Nf6 5. Nf3 e6 6. O-O c5 7. dxc5 Bxc5 8. Qxd8+ Kxd8 9. a3 Nc6 10. b4 Bd6 11. Bb2 Ke7 12. Nbd2 b6 13. Be2 Bb7 14. Rac1 Rac8 15. Nc4 Bc7 16. Nd4 Nxd4 17. Bxd4 Nd7 18. a4 e5 19. Bb2 f6 20. b5 Nc5 21. Ba3 axb5 22. Na5 b4 23. Bxb4 bxa5 24. Bxc5+ Bd6 25. Bxd6+ Kxd6 26. Rfd1+ Ke7 27. Bg4 Rxc1 28. Rxc1 Kd6 29. Rd1+ Kc5 30. Rc1+ Kb6 31. Rb1+ Kc7 32. Rc1+ Kb8 33. Rc5 Rd8 34. Rxa5 Bc6 35. h4 Kb7 36. Rc5 Bxa4 37. Bf3+ Kb6 38. Rc1 Bb5 39. Be4 1/2-1/2